Map: King Sejong Station LE

Players

Archibald - Winner!

  • Race: Terran Terran
  • League: Diamond

Trizztein

  • Race: Terran Terran
  • League: Diamond

VOD

Have the link to the VOD?

Description

Time

  • Played on: Aug. 20, 2016, 6:03 p.m.
  • Length: 11:37
Show
View Real Time Build Order
Export as new Build Order

Archibald Terran - Winner!

Build Orders: Bio Tank 

Get SALT Encoding   

  12  0:01  SCV  
  13  0:13  SCV  
  14  0:17  Supply Depot  
  14  0:25  SCV  
  15  0:38  SCV  
  15  0:40  Barracks  
  16  0:45  Refinery  
  16  0:51  SCV  
  17  0:59  Barracks  
  17  1:03  SCV  
  18  1:15  SCV  
  19  1:28  Orbital Command  
  19  1:29  Reaper  
  20  1:33  Supply Depot  
  20  1:47  Reaper  
  20  1:51  Refinery  
  22  1:54  SCV  
  22  2:04  Reaper  
  22  2:06  SCV  
  24  2:19  SCV  
  24  2:21  Reaper  
  25  2:28  Command Center  
  25  2:31  SCV  
  26  2:43  Factory  
  26  2:51  Barracks Reactor  
  26  2:53  Barracks Tech Lab  
  26  2:54  SCV  
  27  3:06  SCV  
  27  3:07  Supply Depot  
  28  3:13  Marine, Stimpack  
  28  3:18  SCV  
  30  3:30  SCV  
  31  3:38  Marine x3  
  34  3:53  Factory Tech Lab  
  31  3:56  Marine x2  
  31  3:59  Starport, Marine  
  31  4:00  Orbital Command  
  31  4:01  SCV  
  34  4:11  Refinery  
  34  4:12  Siege Tank  
  34  4:14  SCV, Marine x2  
  40  4:17  Marine  
  40  4:22  Supply Depot  
  41  4:26  SCV  
  41  4:27  SCV  
  43  4:31  Marine  
  43  4:32  Marine  
  43  4:35  Marine  
  43  4:36  Viking  
  48  4:43  SCV  
  48  4:44  SCV  
  50  4:48  Engineering Bay  
  50  4:51  Supply Depot  
  50  4:55  Siege Tank  
  50  4:57  Marine  
  50  4:58  Marine  
  55  5:00  Marine  
  55  5:06  Medivac  
  58  5:07  SCV  
  58  5:08  SCV  
  58  5:13  Supply Depot  
  60  5:16  Marine  
  60  5:17  Marine  
  60  5:20  SCV x2  
  64  5:29  Siege Tank  
  64  5:31  Marine  
  64  5:33  SCV  
  64  5:34  Marine  
  70  5:36  Medivac  
  70  5:38  Terran Infantry Weapons Level 1  
  70  5:40  Combat Shields  
  72  5:43  SCV  
  72  5:45  SCV  
  72  5:47  Marine  
  72  5:48  Marine  
  76  5:52  Marine  
  77  5:58  SCV  
  78  6:04  Supply Depot  
  78  6:09  Supply Depot  
  78  6:14  Marine  
  78  6:17  SCV, Marine  
  77  6:21  Siege Tank  
  73  6:37  SCV x2  
  75  6:47  Marine x3  
  75  6:50  Starport Reactor  
  75  6:51  SCV x2  
  80  6:57  Supply Depot  
  80  6:58  Command Center, Siege Tank  
  83  7:13  Barracks, SCV x2  
  83  7:14  Barracks  
  83  7:15  Barracks, Marine x3  
  88  7:28  Medivac x2  
  91  7:43  Marine x2  
  91  7:44  Marine, Siege Tank  
  92  8:01  Marine x2  
  92  8:03  SCV x2  
  92  8:05  Barracks Reactor  
  96  8:06  Barracks Reactor  
  93  8:21  Barracks Reactor  
  93  8:25  Orbital Command  
  93  8:26  SCV x2  
  88  8:40  SCV x2, Refinery  
  90  8:45  Marine x5  
  90  8:46  Marine x2  
  97  8:51  Terran Infantry Armor Level 1, Supply Depot  
  97  8:55  Orbital Command  
  97  8:57  Siege Tank  
  97  8:59  Marine, Viking  
  97  9:00  Marine  
  104  9:03  Marine  
  104  9:05  Supply Depot  
  104  9:07  Supply Depot  
  105  9:10  Engineering Bay  
  105  9:16  Armory  
  105  9:17  Marine x7  
  105  9:18  Marine  
  105  9:20  Marine  
  105  9:24  SCV x3  
  117  9:36  SCV x2  
  117  9:37  SCV  
  120  9:38  Marine  
  120  9:39  Marine x8  
  120  9:40  Siege Tank  
  132  9:48  SCV x2, Supply Depot  
  132  9:49  Supply Depot  
  132  9:51  Viking  
  136  9:53  Viking  
  136  9:56  Marine x3  
  141  10:10  Marine x6  
  141  10:13  Refinery, Siege Tank  
  150  10:14  Marine  
  150  10:21  Supply Depot x2  
  151  10:27  Supply Depot  
  151  10:28  Viking  
  151  10:30  Viking  
  155  10:35  Marine  
  155  10:36  Marine  
  155  10:42  Marine x7  
  164  10:50  Supply Depot  
  164  10:54  Marine x2  
  164  10:55  Supply Depot  
  166  11:00  Marine x4  
  166  11:02  Medivac  
  166  11:03  Medivac  
  174  11:05  Marine x3  
  177  11:12  Marine x2  
  177  11:13  Supply Depot  
  177  11:17  Supply Depot  
Show
View Real Time Build Order
Export as new Build Order

Trizztein Terran 

Build Orders: MMM Bio 

Get SALT Encoding   

  12  0:01  SCV  
  13  0:13  SCV  
  14  0:17  Supply Depot  
  14  0:25  SCV  
  15  0:39  SCV  
  15  0:41  Barracks  
  16  0:45  Refinery  
  16  0:51  SCV  
  17  1:03  SCV  
  18  1:15  SCV  
  20  1:37  Orbital Command  
  20  1:38  Reaper  
  20  1:46  Command Center  
  20  1:58  Supply Depot  
  20  2:04  SCV  
  21  2:10  Reaper  
  22  2:16  SCV  
  23  2:27  Factory  
  23  2:29  SCV  
  24  2:32  Bunker  
  24  2:34  Refinery  
  24  2:41  SCV  
  25  2:51  Barracks Reactor  
  24  2:53  SCV  
  25  3:00  Orbital Command  
  25  3:05  SCV  
  26  3:11  Hellion  
  28  3:13  Starport  
  28  3:17  SCV  
  28  3:29  SCV  
  28  3:33  Hellion  
  26  3:41  SCV  
  26  3:46  SCV  
  25  3:53  SCV  
  26  3:56  Factory Tech Lab  
  26  3:58  SCV  
  26  4:00  Hellion  
  29  4:06  SCV  
  30  4:10  SCV, Marine  
  30  4:11  Marine  
  33  4:18  SCV  
  33  4:22  SCV  
  37  4:28  Marine x2  
  37  4:29  Factory Tech Lab  
  37  4:30  SCV  
  38  4:34  SCV  
  38  4:36  Supply Depot  
  39  4:42  SCV  
  40  4:45  Marine  
  40  4:46  Marine  
  40  4:47  SCV  
  40  4:48  Barracks  
  40  4:50  Barracks  
  43  4:54  SCV, Medivac  
  43  4:59  SCV  
  47  5:01  Refinery x2  
  47  5:03  Supply Depot  
  47  5:06  SCV  
  48  5:11  SCV  
  49  5:18  SCV  
  49  5:19  Siege Tank  
  53  5:23  SCV  
  53  5:25  Marine x2  
  56  5:29  Supply Depot, Engineering Bay  
  56  5:30  SCV  
  56  5:35  SCV  
  58  5:37  Barracks Tech Lab  
  58  5:38  Barracks Tech Lab  
  58  5:42  SCV  
  59  5:47  SCV  
  60  5:51  Barracks, Marine  
  60  5:52  Barracks  
  60  5:53  Supply Depot  
  60  5:54  SCV  
  62  5:59  Marine, Stimpack  
  62  6:01  SCV  
  62  6:04  Marine  
  65  6:06  Starport Reactor  
  65  6:07  SCV  
  66  6:13  SCV  
  66  6:17  Marine  
  60  6:27  Marine x3  
  60  6:32  Terran Infantry Weapons Level 1  
  61  6:34  SCV, Command Center, Marine  
  61  6:35  Engineering Bay  
  63  6:40  Barracks Tech Lab  
  63  6:42  Barracks Reactor x2  
  63  6:45  Marine x3  
  66  6:48  Supply Depot  
  66  6:49  SCV x2  
  66  6:51  Supply Depot  
  66  6:52  Marine  
  69  6:55  Medivac  
  69  6:57  Viking  
  69  7:01  SCV x2  
  75  7:02  Terran Infantry Armor Level 1  
  75  7:05  Combat Shields  
  75  7:08  Marine  
  76  7:13  SCV x2  
  78  7:18  Siege Tank  
  78  7:20  Marine x3  
  84  7:25  SCV x2, Marine x2  
  84  7:26  Marine  
  86  7:37  SCV x2  
  69  7:49  SCV x2  
  69  7:50  SCV  
  59  7:54  Marine x8  
  64  8:01  SCV  
  65  8:10  Orbital Command  
  65  8:12  Marine x7  
  71  8:16  SCV  
  73  8:21  SCV  
  73  8:25  Marine  
  75  8:28  SCV  
  75  8:33  SCV  
  77  8:39  Orbital Command  
  77  8:40  SCV  
  78  8:45  SCV, Supply Depot  
  78  8:46  Supply Depot  
  78  8:47  Missile Turret  
  79  8:53  SCV, Marine x5, Siege Tank  
  79  8:54  Medivac  
  90  8:57  SCV  
  91  9:06  Supply Depot  
  91  9:07  Supply Depot  
  91  9:08  Missile Turret  
  91  9:09  Marine x3  
  94  9:11  Marine x2  
  94  9:12  SCV x2, Supply Depot  
  98  9:21  Marine x3  
  98  9:23  SCV  
  102  9:24  SCV  
  102  9:27  Marine x2  
  102  9:28  Refinery  
  102  9:29  Supply Depot  
  105  9:31  Refinery  
  105  9:35  Armory  
  105  9:41  Marine, Siege Tank  
  105  9:42  Marine, Supply Depot  
  110  9:46  Medivac  
  110  9:48  Viking  
  110  9:50  SCV  
  110  9:51  SCV  
  110  9:52  SCV, Supply Depot  
  117  10:02  SCV  
  117  10:03  SCV  
  117  10:04  SCV, Marine  
  117  10:05  Marine x7  
  128  10:14  SCV  
  129  10:22  Marine x3  
  129  10:23  Marine x4  
  129  10:25  Marine  
  129  10:27  SCV  
  138  10:29  Supply Depot  
  138  10:30  SCV, Supply Depot  
  138  10:31  SCV  
  140  10:39  SCV  
  140  10:40  Marine  
  140  10:42  SCV  
  143  10:44  Marine x6  
  143  10:45  Marine  
  143  10:49  Barracks  
  150  10:52  Barracks, Bunker  
  150  10:55  Medivac  
  150  10:56  Medivac  
  154  10:58  Marine  
  154  11:01  Supply Depot  
  154  11:02  Marine x2  
  154  11:03  Marine, Siege Tank  
  161  11:04  SCV  
  161  11:10  Marine x2  
Tags
 
Add a new tag
Caveats
  • Supply blocks, unpowered buildings, or Contaminate may cause inaccurate times.
  • Supply counts are checked every 10 seconds.